 Dungeon Crawl Stone Soup version 0.29.1-12-g30fa7ad0bf (webtiles) character file.

Game seed: 1520450698860333615

760 wormed the Conjurer (level 7, -1/51 HPs)
             Began as a Demonspawn Conjurer on Dec 23, 2022.
             Slain by a gnoll bouda
             ... wielding a +3 whip
              (8 damage)
             ... on level 5 of the Dungeon.
             The game lasted 00:13:41 (5525 turns).

wormed the Conjurer (Demonspawn Conjurer)           Turns: 5525, Time: 00:13:41

Health: -1/51      AC:  3    Str:  7    XL:     7   Next: 51%
Magic:  1/11       EV: 11    Int: 22    God:
Gold:   117        SH:  0    Dex: 11    Spells: 9/12 levels left

rFire   . . .      SeeInvis +   p - +0 whip
rCold   . . .      Faith    .   (no shield)
rNeg    . . .      Spirit   .   d - +0 leather armour
rPois   .          Reflect  .   (helmet restricted)
rElec   .          Harm     .   (no cloak)
rCorr   .          Rampage  .   (no gloves)
Will    +....                   (no boots)
Stlth   +.........              f - amulet of regeneration
HPRegen 0.97/turn               x - ring of see invisible
MPRegen 0.12/turn               r - ring of willpower

@: weakened
A: antennae 2, demonic guardian 1
a: no special abilities


You were on level 5 of the Dungeon.
You visited 1 branch of the dungeon, and saw 5 of its levels.

You collected 117 gold pieces.

Inventory:

Hand Weapons
 p - a +0 whip (weapon)
Missiles
 z - a throwing net
Armour
 d - a +0 leather armour (worn)
 k - a +3 ring mail of fire resistance
 A - a +0 kite shield
Jewellery
 f - an amulet of regeneration (around neck)
 m - a ring of protection from cold
 r - a ring of willpower (right hand)
 x - a ring of see invisible (left hand)
Scrolls
 c - 2 scrolls of blinking
 g - a scroll of poison {unknown}
 h - a scroll of enchant armour {unknown}
 i - a scroll of brand weapon {unknown}
 l - 3 scrolls of immolation {unknown}
 n - a scroll of butterflies {unknown}
 q - a scroll of teleportation {unknown}
 s - a scroll of silence {unknown}
 w - a scroll of noise {unknown}
 y - a scroll of enchant weapon {unknown}
 C - a scroll of identify {unknown}
Potions
 a - 2 potions of haste {unknown}
 b - a potion of magic
 e - a potion of lignification {unknown}
 j - a potion of ambrosia {unknown}
 o - 2 potions of curing
 t - a potion of mutation {unknown}
 u - a potion of heal wounds {unknown}
 v - a potion of resistance {unknown}
 B - a potion of brilliance {unknown}


   Skills:
 + Level 2.7 Fighting
 + Level 2.2 Armour
 - Level 2.2 Dodging
 - Level 1.7 Stealth
 + Level 3.2 Spellcasting
 + Level 4.9 Conjurations
 * Level 3.9 Hexes
 * Level 3.3 Translocations


You had 9 spell levels left.
You knew the following spells:

 Your Spells              Type           Power      Damage    Failure   Level
a - Magic Dart            Conj           100%       1d8       2%          1
b - Searing Ray           Conj           50%        2d6       3%          2

Your spell library contained the following spells:

 Spells                   Type           Power      Damage    Failure   Level
 Dazzling Flash           Conj/Hex       46%        N/A       9%          3
 Sting                    Tmut/Pois      12%        1d3       19%         1
 Poisonous Vapours        Pois/Air       6%         N/A       26%         2
 Fulminant Prism          Conj/Hex       11%        3d9       28%         4
 Iskenderun's Mystic Bla  Conj/Tloc      21%        2d6       32%         4
 Olgreb's Toxic Radiance  Pois           3%         N/A       87%         4


Dungeon Overview and Level Annotations

Branches:
Dungeon (5/15)
 Temple: D:4-7

Altars:
Wu Jian

Shops:
D:1 (   D:4 *


Innate Abilities, Weirdness & Mutations

You have a pair of antennae on your head.
A weak demonic guardian rushes to your aid.


Message History

You barely miss the gnoll bouda.
The gnoll bouda is heavily wounded.
The gnoll bouda gazes fiercely through you!
You feel as though you will be weak longer.
The gnoll bouda hits you with a +3 whip!
You closely miss the gnoll bouda.
The gnoll bouda is heavily wounded.
The gnoll bouda closely misses you.
You closely miss the gnoll bouda.
The gnoll bouda is heavily wounded.
The gnoll bouda closely misses you.
You hit the gnoll bouda.
The gnoll bouda is heavily wounded.
The gnoll bouda hits you with a +3 whip.
You hit the gnoll bouda but do no damage.
The gnoll bouda is heavily wounded.
The gnoll bouda gazes fiercely through you!
You feel as though you will be weak longer.
The gnoll bouda barely misses you.
You hit the gnoll bouda.
The gnoll bouda is severely wounded.
The gnoll bouda hits you with a +3 whip!
You hit the gnoll bouda but do no damage.
The gnoll bouda is severely wounded.
The gnoll bouda hits you with a +3 whip.
You completely miss the gnoll bouda.
The gnoll bouda is severely wounded.
The gnoll bouda closely misses you.
You hit the gnoll bouda but do no damage.
The gnoll bouda is severely wounded.
The gnoll bouda hits you with a +3 whip!
You barely miss the gnoll bouda.
The gnoll bouda is severely wounded.
The gnoll bouda hits you with a +3 whip!
* * * LOW HITPOINT WARNING * * *
A demonic guardian appears!
The gnoll bouda gazes fiercely through you!
You feel as though you will be weak longer.
The gnoll bouda hits you with a +3 whip!
You die...

##### ...
... ...
#.# #)#
#g#
#@#####
#5...>#
#####.#
#.#
####.####
#.......#
#.##.##.#
#....##.#
.
#..####.#


You could see a gnoll bouda (ally target) and a friendly iron imp (summoned).

Vanquished Creatures
  A black bear (D:4)
  An ogre (D:4)
  A scorpion (D:4)
  An orc priest (D:3)
  2 hounds (D:4)
  4 iguanas
  6 adders
  9 gnolls
  2 worms
  4 dart slugs
  10 orcs
  3 bats (D:2)
  6 endoplasms
  6 giant cockroaches
  2 goblins
  11 hobgoblins
  5 jackals (D:4)
  5 kobolds
  3 quokkas
  5 ball pythons
  3 frilled lizards (D:2)
  8 rats
98 creatures vanquished.

Vanquished Creatures (collateral kills)
  A jelly (D:4)
  An orc priest (D:3)
  A gnoll (D:1)
  An adder (D:2)
  An orc (D:3)
  A hobgoblin (D:1)
  A jackal (D:4)
  A rat (D:1)
8 creatures vanquished.

Grand Total: 106 creatures vanquished

Notes
Turn   | Place    | Note
-------+----------+-------------------------------------------
     0 | D:1      | wormed the Demonspawn Conjurer began the quest for the Orb.
     0 | D:1      | Reached XP level 1. HP: 13/13 MP: 3/3
    14 | D:1      | Found Joagar's Antique Weapon Shop.
   387 | D:1      | Gained mutation: A weak demonic guardian rushes to your
                  | aid. [demonic ancestry]
   387 | D:1      | Reached XP level 2. HP: 10/19 MP: 0/5
   676 | D:1      | Reached skill level 1 in Hexes
   826 | D:1      | Learned a level 2 spell: Searing Ray
   861 | D:1      | Reached XP level 3. HP: 25/25 MP: 3/6
  1447 | D:2      | Found a faded altar of an unknown god.
  1473 | D:2      | Reached skill level 1 in Translocations
  1774 | D:2      | Reached skill level 1 in Fighting
  1801 | D:2      | Gained mutation: You have a pair of small antennae on your
                  | head. [demonic ancestry]
  1801 | D:2      | Reached XP level 4. HP: 32/32 MP: 1/7
  2740 | D:3      | Reached skill level 1 in Armour
  2740 | D:3      | Reached XP level 5. HP: 23/37 MP: 0/8
  3162 | D:3      | Found a glowing drain.
  3446 | D:4      | Noticed a black bear
  3499 | D:4      | Reached XP level 6. HP: 11/44 MP: 2/10
  3919 | D:4      | Found an ornate altar of the Wu Jian Council.
  4085 | D:4      | Gained mutation: You have a pair of antennae on your head.
                  | [demonic ancestry]
  4085 | D:4      | Reached XP level 7. HP: 51/51 MP: 5/11
  4943 | D:4      | Found Ugo Xye's Neck Hole.
  5355 | D:5      | Entered Level 5 of the Dungeon
  5525 | D:5      | Slain by a gnoll bouda

Illustrated notes

Levels and vault maps discovered:
D:1:      nicolae_arrival_washed_ashore, layout_rooms, serial_shops, shop
D:2:      layout_loops_cross, serial_aquarium, aquarium_bridge_square
          [aquarium_subvault_wall, aquarium_subvault_window,
          aquarium_subvault_window, aquarium_subvault_bridge],
          aquarium_bridge_square [aquarium_subvault_bridge,
          aquarium_subvault_wall, aquarium_subvault_bridge,
          aquarium_subvault_wall], aquarium_window_corner, aquarium_window_1,
          aquarium_window_3, aquarium_window_2, aquarium_view_2e,
          ebering_ecumenical_altar_ruins
D:3:      layout_rooms, portal_sewer_entry_c
D:4:      layout_loops_corners, grunt_temple_overflow_open,
          corexii_checkpoint_a, kennysheep_cross_bottleneck,
          nicolae_shop_sticking_my_neck_out
D:5:      layout_loops_cross, mainiacjoe_overflow_tiny_flanked,
          minmay_temple_entry_stoned_glass, serial_shops,
          nicolae_shop_behind_doors, serial_rivers,
          chequers_serial_rivers_small_3, chequers_serial_rivers_micro_e,
          chequers_serial_rivers_micro_d, chequers_serial_rivers_small_b,
          minmay_small_thing

Skill      XL: |  1  2  3  4  5  6  7 |
---------------+----------------------+-----
Dodging        | 2 |  2.2
Hexes          | 1 2 3 |  3.9
Translocations | 1 2 3 |  3.3
Fighting       | 1 2 |  2.7
Armour         | 1 2 |  2.2
Spellcasting   | 3 |  3.2
Stealth        | |  1.7
Conjurations   | |  4.9

Action                   |  1- 3 |  4- 6 |  7- 9 || total
-------------------------+-------+-------+-------++-------
Melee: Unarmed           |    15 |       |       ||    15
       Whip              |     6 |    20 |    10 ||    36
       Punch             |       |     1 |       ||     1
 Cast: Magic Dart        |    30 |       |       ||    30
       Searing Ray       |    14 |    37 |    21 ||    72
  Use: Potion            |       |     1 |       ||     1
       Scroll            |       |     1 |       ||     1
Armor: Leather armour    |     3 |     5 |     1 ||     9
Dodge: Dodged            |    12 |    33 |    16 ||    61
